Sweetie Pie, chaotic male elven Priest --- . . . . . ### # ## ### ##%####### h@# ############ o --.-.-- # -.-.- ---k---- #......| ##.<..| |.h.(..%####)|.....| |...| ..\....| # #|.....| |...| |....... #|.....| ----- |......| ------- -------- Sweetie Pie the Acolyte Experience level: 5 Strength: 13 Dexterity: 11 Constitution: 16 Intelligence: 11 Wisdom: 17 Charisma: 9 Health: 0(42) Energy: 54(74) Def: 3 Gold: 708 Moves: 1930 Dungeon seed: 7ZC5EDYrKsPQi9KH Game ID: Sweetie Pie_1614204593 Your Inventory: Coins $ - 708 gold pieces Weapons a - a blessed +1 mace (weapon in hand) i - a +3 crossbow j - a +0 orcish dagger s - 9 +0 elven arrows t - a blessed +1 elven dagger u - 7 blessed +0 darts C - 7 +0 arrows Armor e - a +0 robe (being worn) n - a +0 small shield (being worn) r - a +0 Hawaiian shirt y - a +0 orcish ring mail z - a cursed -1 pair of gauntlets of fumbling Comestibles c - a clove of garlic d - a sprig of wolfsbane E - an apple Scrolls A - a scroll of enchant armor D - a scroll of blank paper Spellbooks f - a spellbook of identify g - a spellbook of healing Potions b - 4 potions of holy water v - a potion of restore ability x - a blessed potion of speed Rings l - a ring of free action Wands w - a wand of striking (0:8) Tools h - a bell k - a tin whistle B - a skeleton key F - 3 wax candles (0:400) Gems q - a worthless piece of blue glass N - an aquamarine stone Spells and supernatural/magical abilities: Name Level Category Fail Memory h - healing 1 healing 0% 91% I - identify 3 divination 84% 91% W - pray for help -- divine ? -- X - turn undead -- divine ? -- Your skills at the end: Fighting Skills Weapon Skills mace [Basic] Spellcasting Skills clerical spells [Basic] Final Attributes: You were piously aligned. You were sleep resistant. You had infravision. You are dead. Vanquished creatures: 3 bugbears a gnome lord a gnomish wizard a straw golem 2 giant bats an iguana 6 coyotes 2 hobbits 2 manes 4 hobgoblins a yellow mold 10 garter snakes 2 gnome zombies a gecko 4 jackals a fox 3 kobolds a goblin a sewer rat 3 grid bugs a bat 2 lichens 2 kobold zombies 6 newts 61 creatures vanquished. Voluntary challenges: You were an atheist. You used a wielded weapon 74 times, starting on turn 59. You read items or engraved 2 times, starting on turn 913. You never genocided any monsters. You never polymorphed an object. You never changed form. You used no wishes. You never split a pudding. You never wrote Elbereth's name. You never violated your personal moral code. Dungeon overview: The Dungeons of Doom: levels 1 to 6 Level 1 some fountains a long staircase Level 2 a fountain, a sink Level 3 Level 4 (right stair mines) a fountain stairs to The Gnomish Mines Level 5 some fountains Level 6 <- You were here a throne The Gnomish Mines: Level 5 stairs to The Dungeons of Doom History has recorded: On T:1 you entered the Dungeons of Doom to retrieve the Amulet of Yendor! On T:283 you advanced to experience level 2. On T:353 you reached level 2 of The Dungeons of Doom. On T:760 you reached level 3 of The Dungeons of Doom. On T:836 you advanced to experience level 3. On T:1126 you reached level 4 of The Dungeons of Doom. On T:1411 you reached level 1 of The Gnomish Mines. On T:1456 you reached level 5 of The Dungeons of Doom. On T:1543 you advanced to experience level 4. On T:1773 you reached level 6 of The Dungeons of Doom. On T:1881 you advanced to experience level 5. Score breakdown: Gold: 708 ( 9696 points) Experience: 5 levels (11141 points) Exploration: 6 levels ( 11.54%) ( 9393 points) Discoveries: 2 items ( 0.70%) ( 2504 points) Valuables value: (no points given unless you survive) Artifact value: 0 ( 0 points) Variety of kills: 24 monsters ( 6.30%) ( 7529 points) Turncount: 1930 turns ( 0 points) Survival: died (score multiplied by 80%) Total score: 32210 Latest messages: F - 3 candles. You miss the sewer rat. The sewer rat misses. You kill the sewer rat! There is an open door here. There are several objects here. The hobgoblin misses. The bugbear hits! There are a few objects here. The bugbear hits! You hear the footsteps of a guard on patrol. You feel better. You miss the bugbear. You hit the bugbear! The hobgoblin hits! The bugbear hits! You miss the bugbear. The hobgoblin hits! The bugbear hits! (2x) You die... Final status: Goodbye Sweetie Pie the Priest, killed by a bugbear... You died in The Dungeons of Doom on dungeon level 6 with 32210 points, and 708 pieces of gold, after 1930 moves. You were level 5 with a maximum of 42 hit points when you died.